nht, chaotic female elven Wizard --- --..| |<*.| |...- -...| .|.---- |.....| ...|.-- G G -.-|...----------G --- --..........@. |..---------- --- nht the Evoker Experience level: 2 Strength: 13 Dexterity: 17 Constitution: 12 Intelligence: 17 Wisdom: 8 Charisma: 8 Health: 0(14) Energy: 18(23) Def: 1 Gold: 123 Moves: 906 Dungeon seed: Ph2pMLxmig3dGONp Game ID: nht_1433224303 Your Inventory: Coins $ - 123 gold pieces Weapons a - a blessed +1 quarterstaff (weapon in hands) Armor e - an uncursed +0 cloak of magic resistance (being worn) q - a cursed +0 pair of jumping boots (being worn) B - a cursed -2 pair of leather gloves (being worn) Comestibles t - an uncursed food ration F - an uncursed partly eaten food ration Scrolls i - an uncursed scroll of confuse monster j - an uncursed scroll of light k - a blessed scroll of identify Spellbooks m - a blessed spellbook of magic missile n - an uncursed spellbook of detect unseen v - an uncursed spellbook of slow monster w - a blessed spellbook of blank paper D - an uncursed spellbook of levitation E - an uncursed spellbook of cause fear Potions f - an uncursed potion of healing g - an uncursed potion of levitation h - a blessed potion of fruit juice r - a blessed potion of acid G - a blessed potion of monster detection Rings c - an uncursed ring of searching (on left hand) d - an uncursed ring of regeneration Wands b - a wand of light (0:14) Tools o - a magic marker (0:29) p - an uncursed leather drum s - an uncursed figurine of a newt u - an uncursed tooled horn Gems y - an uncursed worthless piece of violet glass Spells known in the end: Name Level Category Fail Memory a - force bolt 1 attack 0% 96% b - magic missile 2 attack 0% 96% c - detect unseen 3 divination 99% 96% d - slow monster 2 enchantment 0% 97% e - detect monsters 1 divination 0% 98% Your skills at the end: Fighting Skills Weapon Skills quarterstaff [Basic] Spellcasting Skills attack spells [Basic] enchantment spells [Basic] Final Attributes: You were piously aligned. You were magic-protected. You had automatic searching. You had infravision. You could jump. You were lucky. You are dead. Vanquished creatures: a yellow mold 2 jackals a fox a goblin 4 sewer rats 6 grid bugs a lichen 7 newts 23 creatures vanquished. Voluntary challenges: You used a wielded weapon 26 times, starting on turn 21. You read items or engraved 7 times, starting on turn 287. You never genocided any monsters. You never polymorphed an object. You never changed form. You used no wishes. You never split a pudding. You never wrote Elbereth's name. You never violated your personal moral code. You disabled loading bones files. Dungeon overview: The Dungeons of Doom: levels 1 to 4 Level 1 a sink a long staircase Level 2 (armour) an armor shop, an altar to Ptah Level 3 Level 4 stairs to The Gnomish Mines The Gnomish Mines: Level 5 <- You were here stairs to The Dungeons of Doom History has recorded: On T:1 you entered the Dungeons of Doom to retrieve the Amulet of Yendor! On T:258 you reached level 2 of The Dungeons of Doom. On T:290 you reached level 3 of The Dungeons of Doom. On T:550 you advanced to experience level 2. On T:632 you reached level 4 of The Dungeons of Doom. On T:882 you reached level 1 of The Gnomish Mines. Score breakdown: Gold: 123 ( 7121 points) Experience: 2 levels ( 5570 points) Exploration: 5 levels ( 10.20%) ( 8660 points) Discoveries: 4 items ( 1.45%) ( 3611 points) Valuables value: (no points given unless you survive) Artifact value: 0 ( 0 points) Variety of kills: 8 monsters ( 2.11%) ( 4358 points) Time penalty: 906 turns ( 0 points) Survival: died (score multiplied by 80%) Total score: 23456 Latest messages: The spell hits the gnome king! The gnome king resists! The gnome king swings his thonged club. The gnome king hits! You die... Final status: Goodbye nht the Wizard, killed by a gnome king... You died in The Gnomish Mines on dungeon level 5 with 23456 points, and 123 pieces of gold, after 906 moves. You were level 2 with a maximum of 14 hit points when you died.